 Dungeon Crawl Stone Soup version 0.28.0-1-gb440e238dd (webtiles) character file.

Game seed: 12595003648732134711

50 Snicker the Sneak (level 3, -3/29 HPs)
             Began as a Demonspawn Delver on Feb 22, 2022.
             Slain by a gnoll (7 damage)
             ... on level 5 of the Dungeon.
             The game lasted 00:01:36 (897 turns).

Snicker the Sneak (Demonspawn Delver)                Turns: 897, Time: 00:01:36

Health: -3/29      AC:  3    Str: 16    XL:     3   Next: 55%
Magic:  3/3        EV: 12    Int: 11    God:
Gold:   63         SH:  0    Dex: 16    Spells: 2/2 levels left

rFire   . . .      SeeInvis .   a - +0 short sword
rCold   . . .      Faith    .   (no shield)
rNeg    . . .      Spirit   .   h - +0 leather armour of the Big Bang {Str+4}
rPois   .          Reflect  .   (helmet restricted)
rElec   .          Harm     .   (no cloak)
rCorr   .          Rampage  .   (no gloves)
Will    .....                   (no boots)
Stlth   +++.......              (no amulet)
HPRegen 0.09/turn               (no ring)
MPRegen 0.08/turn               (no ring)

@: mighty
A: horns 1
a: no special abilities


You were on level 5 of the Dungeon.
You visited 1 branch of the dungeon, and saw 3 of its levels.

You collected 63 gold pieces.

Inventory:

Hand Weapons
 a - a +0 short sword (weapon)
Armour
 b - a +0 leather armour
 h - the +0 leather armour of the Big Bang (worn) {Str+4}
   (You found it on level 5 of the Dungeon)

   Str:       It affects your strength (+4).
Wands
 g - a wand of digging (3)
Scrolls
 c - a scroll of fog
 d - a scroll of magic mapping
Potions
 f - a potion of haste


   Skills:
 + Level 3.1 Fighting
 * Level 2.0 Short Blades
 + Level 0.2 Armour
 + Level 1.8 Dodging
 * Level 5.4 Stealth


You had 2 spell levels left.
You didn't know any spells.
Your spell library was empty.

Dungeon Overview and Level Annotations

Branches:
Dungeon (7/15)
 Temple: D:4-7

Altars:


Innate Abilities, Weirdness & Mutations

You have a pair of small horns on your head.


Message History

You closely miss the quokka. The quokka bites you.
You hit the quokka. Your headbutt misses the quokka.
The quokka is heavily wounded.
The quokka bites you.
A gnoll comes into view. It is wielding a +0 spear.
You hit the quokka.
You kill the quokka!
The gnoll barely misses you.
It was a potion of might.
You feel very mighty all of a sudden. The gnoll barely misses you.
A gnoll comes into view. It is wielding a +0 club.
The gnoll shaman hits you with a +0 whip!
* * * LOW HITPOINT WARNING * * *
The gnoll misses you.
As you read the scroll of fear, it crumbles to dust.
You assume a fearsome visage.
The gnoll shaman looks frightened!
The gnoll looks frightened! x3
The gnoll shouts!
The gnoll looks frightened!
Cornered, the gnoll turns to fight!
You puncture the gnoll!
The gnoll is severely wounded.
The gnoll closely misses you.
You puncture the gnoll!
You kill the gnoll!
Unknown command.
You see here a +0 club.
You start resting.
A gnoll is nearby!
A gnoll is nearby!
A gnoll is nearby!
The gnoll shaman calls down the wrath of its god upon you.
You resist with significant effort.
The gnoll shaman calls upon its god to speed up the gnoll.
The gnoll seems to speed up.
The gnoll hits you from afar with a +0 spear.
* * * LOW HITPOINT WARNING * * *
The gnoll hits you from afar with a +0 spear!
You die...

.......g.......##..##
....................###
...........[.#........#
.<........g..#.......##
...........#........##
g........)##.....g..#
..........###..##g.#####
..........# #..##......#
#........##.#...@.......#
##......#......>....##..#
...........#.......
..........###......
.###......# ......
#....... ..... #........
.... ..........
#........##


You could see a gnoll shaman and a gnoll (fast).

Vanquished Creatures
  A centaur zombie (D:6)
  A gnoll (D:5)
  An ufetubus (D:5)
  An orc (D:6)
  A quokka (D:5)
5 creatures vanquished.

Notes
Turn   | Place    | Note
-------+----------+-------------------------------------------
     0 | D:5      | Snicker the Demonspawn Delver began the quest for the Orb.
     0 | D:5      | Reached XP level 1. HP: 18/18 MP: 1/1
     2 | D:5      | Identified the +0 leather armour of the Big Bang {Str+4}
    34 | D:6      | Reached skill level 5 in Stealth
    34 | D:6      | Gained mutation: You have a pair of small horns on your
                  | head. [demonic ancestry]
    34 | D:6      | Reached XP level 2. HP: 9/24 MP: 2/2
    34 | D:6      | Reached XP level 3. HP: 11/29 MP: 3/3
   236 | D:7      | Noticed an ice beast
   324 | D:7      | Noticed a kobold brigand
   442 | D:7      | Noticed a white ugly thing
   897 | D:5      | Slain by a gnoll

Illustrated notes

Levels and vault maps discovered:
D:5:      layout_cave_pools, serial_shops, kennysheep_mini
D:6:      layout_loops_ring
D:7:      layout_cave_pods, minmay_temple_entry_drinking_statues,
          minmay_the_grid_2x2 [minmay_the_grid_tri_star,
          minmay_the_grid_large_cup, minmay_the_grid_diamond_grid,
          minmay_the_grid_prize_big_room]

Skill      XL: |  1 |
---------------+----+-----
Short Blades   | 2 |  2.0
Stealth        | 5 |  5.4
Fighting       | |  3.1
Armour         | |  0.2
Dodging        | |  1.8

Action                   || total
-------------------------++-------
Melee: Short sword       ||    23
       Punch             ||     2
  Use: Scroll            ||     1
       Potion            ||     1
Armor: Leather armour    ||     6
Dodge: Dodged            ||    21
